Map: Bel'Shir Vestige LE (Void)

Players

TheMagician - Winner!

  • Race: Protoss Protoss
  • League: Diamond
  • Spawn Location: 11:00

llllllllllll

  • Race: Zerg Zerg
  • League: Master
  • Spawn Location: 5:00

VOD

Have the link to the VOD?

Description

Time

  • Played on: March 19, 2017, 12:06 a.m.
  • Length: 7:58
Show
View Real Time Build Order
Export as new Build Order

TheMagician Protoss - Winner!

Build Orders: Cannon Rush 

Get SALT Encoding   

  12  0:01  Probe (Chrono Boost)  
  13  0:17  Pylon  
  13  0:19  Probe (Chrono Boost)  
  14  0:29  Probe (Chrono Boost)  
  15  0:40  Probe (Chrono Boost)  
  16  0:48  Forge  
  16  0:50  Probe (Chrono Boost)  
  17  1:00  Pylon  
  17  1:03  Probe (Chrono Boost)  
  18  1:15  Probe (Chrono Boost)  
  19  1:22  Photon Cannon  
  19  1:26  Photon Cannon  
  19  1:29  Photon Cannon  
  19  1:41  Photon Cannon  
  19  1:43  Probe (Chrono Boost)  
  19  1:46  Assimilator  
  20  1:50  Assimilator  
  20  1:59  Gateway, Photon Cannon  
  20  2:11  Probe (Chrono Boost)  
  21  2:22  Probe (Chrono Boost)  
  22  2:32  Probe (Chrono Boost)  
  23  2:43  Probe (Chrono Boost)  
  24  2:44  Nexus  
  24  2:57  Cybernetics Core  
  24  3:04  Pylon  
  24  3:35  Stargate  
  24  3:38  Stargate  
  24  3:40  Mothership Core (Chrono Boost)  
  26  3:42  Pylon  
  26  3:54  Assimilator  
  25  4:00  Assimilator  
  25  4:04  Photon Cannon  
  25  4:05  Probe (Chrono Boost)  
  26  4:12  Pylon  
  27  4:23  Void Ray  
  30  4:38  Void Ray  
  30  4:43  Probe (Chrono Boost)  
  35  4:46  Probe (Chrono Boost)  
  36  4:57  Probe (Chrono Boost)  
  37  5:05  Photon Cannon  
  37  5:12  Void Ray  
  41  5:35  Pylon  
  40  5:45  Void Ray  
  40  6:01  Void Ray  
  44  6:20  Pylon  
  44  6:22  Pylon  
Show
View Real Time Build Order
Export as new Build Order

llllllllllll Zerg 

Build Orders: Hatch First 

Get SALT Encoding   

  12  0:00  Drone  
  13  0:12  Overlord  
  13  0:17  Drone  
  14  0:30  Drone x2  
  16  0:36  Drone  
  17  0:52  Hatchery  
  17  0:54  Drone  
  17  0:57  Drone  
  18  1:08  Extractor  
  17  1:11  Spawning Pool  
  17  1:14  Drone  
  17  1:17  Drone  
  18  1:28  Drone  
  19  1:39  Extractor  
  19  1:43  Overlord  
  19  1:58  Queen  
  19  1:59  Zergling x2  
  22  2:11  Hatchery  
  21  2:17  Metabolic Boost  
  21  2:18  Drone x2  
  23  2:24  Drone  
  24  2:32  Drone  
  25  2:39  Roach Warren  
  24  2:44  Drone  
  24  2:45  Lair  
  25  2:59  Overlord  
  25  3:04  Overlord  
  25  3:23  Queen  
  25  3:24  Roach  
  29  3:31  Drone  
  29  3:32  Evolution Chamber  
  31  3:34  Roach  
  31  3:42  Roach  
  31  3:45  Roach  
  31  3:46  Glial Reconstitution  
  31  3:48  Roach  
  36  3:56  Ravager x2  
  40  4:03  Roach  
  40  4:11  Roach  
  40  4:14  Queen  
  40  4:16  Zerg Missile Weapons Level 1  
  44  4:26  Roach x2  
  48  4:33  Roach  
  48  4:34  Ravager  
  51  4:39  Overlord  
  51  4:47  Ravager  
  52  5:02  Roach  
  52  5:03  Roach x3  
  60  5:14  Overlord  
  60  5:21  Overlord  
  56  5:29  Roach x2  
  60  5:49  Roach x2  
  64  5:56  Spore Crawler  
  63  5:57  Spore Crawler  
  60  6:16  Overlord  
  58  6:39  Overlord x3  
Tags
 
Add a new tag
Caveats
  • Supply blocks, unpowered buildings, or Contaminate may cause inaccurate times.
  • Supply counts are checked every 10 seconds.